TOP OF THE 1ST |
Seattle Mariners batting - Pitching for Houston Astros : RHP Nick Martinez
|
Pitching: RHP Nick Martinez
|
|
Batting: SHB Ketel Marte
|
0-0: Foul Ball, location: 2F 0-1: Ground out 6-3 (Groundball, 6, EV 61.9 MPH)
|
Batting: RHB Xander Bogaerts
|
0-0: Foul Ball, location: 7LMF 0-1: Ground out 5-3 (Groundball, 56, EV 101.9 MPH)
|
Batting: LHB Trent Grisham
|
0-0: Ball 1-0: Ball 2-0: Ball 3-0: Called Strike 3-1: Foul Ball, location: 2F 3-2: Foul Ball, location: 7LSF 3-2: Strikes out swinging
|
Top of the 1st over - 0 runs, 0 hits, 0 errors, 0 left on base; Seattle 0 - Houston 0 |
BOTTOM OF THE 1ST |
Houston Astros batting - Pitching for Seattle Mariners : LHP Marco Gonzales
|
Pitching: LHP Marco Gonzales
|
|
Batting: RHB Elvis Andrus
|
0-0: Called Strike 0-1: Fly out, F8 (Line Drive, 78M, EV 90.0 MPH)
|
Batting: LHB Lars Nootbaar
|
0-0: Called Strike 0-1: Foul Ball, location: 2F 0-2: Ball 1-2: Ball 2-2: Ball 3-2: DOUBLE (Flyball, 89XD, EV 101.3 MPH)
|
Batting: RHB Luis Urias
|
0-0: Ball 1-0: Ground out 5-3 (Groundball, 56, EV 84.4 MPH)
|
Batting: LHB Yordan Alvarez
|
0-0: Fly out, F9 (Flyball, 89S, EV 87.5 MPH)
|
Bottom of the 1st over - 0 runs, 1 hit, 0 errors, 1 left on base; Seattle 0 - Houston 0 |
TOP OF THE 2ND |
Seattle Mariners batting - Pitching for Houston Astros : RHP Nick Martinez
|
Batting: RHB José Abreu
|
0-0: Ball 1-0: Ball 2-0: Called Strike 2-1: Foul Ball, location: 2F 2-2: DOUBLE (Groundball, 5L, EV 103.1 MPH)
|
Batting: RHB Nick Castellanos
|
0-0: Called Strike 0-1: Swinging Strike 0-2: Ball 1-2: Foul Ball, location: 9LDF 1-2: Foul Ball, location: 2F 1-2: Foul Ball, location: 5FF 1-2: Foul Ball, location: 2F 1-2: Strikes out swinging
|
Batting: RHB Lourdes Gurriel Jr.
|
0-0: Swinging Strike 0-1: Called Strike 0-2: Strikes out swinging
|
Batting: LHB Joey Wendle
|
0-0: Ball 1-0: Ball 2-0: Ball 3-0: Called Strike 3-1: Foul Ball, location: 7LSF 3-2: Base on Balls
|
Batting: LHB Harold Castro
|
0-0: Called Strike 0-1: Called Strike 0-2: Ball 1-2: Foul Ball, location: 7LMFF 1-2: Strikes out looking
|
Top of the 2nd over - 0 runs, 1 hit, 0 errors, 2 left on base; Seattle 0 - Houston 0 |
BOTTOM OF THE 2ND |
Houston Astros batting - Pitching for Seattle Mariners : LHP Marco Gonzales
|
Batting: RHB Christian Walker
|
0-0: Ball 1-0: SINGLE (Groundball, 6M, EV 101.3 MPH) (infield hit)
|
Batting: LHB Alek Thomas
|
0-0: Sac Bunt to 23 - play at first, batter safe! Christian Walker to second
|
Batting: RHB Tom Murphy
|
0-0: Ball 1-0: Called Strike 1-1: Called Strike 1-2: Grounds into double play, 5-4-3 (Groundball, 56, EV 80.6 MPH) Christian Walker to third
|
Batting: LHB Nick Gordon
|
0-0: Ball 1-0: Ball 2-0: DOUBLE (Line Drive, 89XD, EV 108.1 MPH) Christian Walker scores
|
Batting: SHB Robbie Grossman
|
0-0: Called Strike 0-1: Foul Ball, location: 23FF 0-2: Ball 1-2: Ball 2-2: Ball 3-2: Foul Ball, location: 9LDF 3-2: Ground out 5-3 (Groundball, 56S, EV 91.3 MPH)
|
Bottom of the 2nd over - 1 run, 3 hits, 0 errors, 1 left on base; Seattle 0 - Houston 1 |
TOP OF THE 3RD |
Seattle Mariners batting - Pitching for Houston Astros : RHP Nick Martinez
|
Batting: RHB Pedro Severino
|
0-0: Called Strike 0-1: Foul Ball, location: 3FF 0-2: Strikes out looking
|
Batting: SHB Ketel Marte
|
0-0: Called Strike 0-1: Ball 1-1: Foul Ball, location: 23FF 1-2: Ball 2-2: Ball 3-2: Foul Ball, location: 5DF 3-2: Foul Ball, location: 9LSF 3-2: Fly out, F8 (Flyball, 8RS, EV 90.0 MPH)
|
Batting: RHB Xander Bogaerts
|
0-0: Called Strike 0-1: SINGLE (Line Drive, 78M, EV 103.8 MPH)
|
Batting: LHB Trent Grisham
|
0-0: Ball 1-0: SINGLE (Line Drive, 89S, EV 98.1 MPH) Xander Bogaerts to second Runner from 2nd tries for 3rd, SAFE, no throw by RF
|
Batting: RHB José Abreu
|
0-0: Swinging Strike 0-1: Called Strike 0-2: Ball 1-2: Ball 2-2: Ball 3-2: Foul Ball, location: 5FF 3-2: Strikes out looking
|
Top of the 3rd over - 0 runs, 2 hits, 0 errors, 2 left on base; Seattle 0 - Houston 1 |
BOTTOM OF THE 3RD |
Houston Astros batting - Pitching for Seattle Mariners : LHP Marco Gonzales
|
Batting: RHB Elvis Andrus
|
0-0: Called Strike 0-1: Ball 1-1: Ball 2-1: Ball 3-1: Foul Ball, location: 2F 3-2: Base on Balls
|
Batting: LHB Lars Nootbaar
|
0-0: Ball 1-0: Fly out, F8 (Flyball, 8LM, EV 85.0 MPH)
|
Batting: RHB Luis Urias
|
0-0: Ball 1-0: Called Strike 1-1: Ball 2-1: Foul Ball, location: 2F 2-2: Ball 3-2: Fly out, F7 (Flyball, 7, EV 92.5 MPH)
|
Batting: LHB Yordan Alvarez
|
0-0: Called Strike 0-1: SINGLE (Line Drive, 9S, EV 106.9 MPH) Elvis Andrus to second
|
Batting: RHB Christian Walker
|
0-0: Ground out 5-3 (Groundball, 56S, EV 90.6 MPH)
|
Bottom of the 3rd over - 0 runs, 1 hit, 0 errors, 2 left on base; Seattle 0 - Houston 1 |
TOP OF THE 4TH |
Seattle Mariners batting - Pitching for Houston Astros : RHP Nick Martinez
|
Batting: RHB Nick Castellanos
|
0-0: Ball 1-0: Foul Ball, location: 5FF 1-1: Ball 2-1: Foul Ball, location: 9LSF 2-2: Foul Ball, location: 3DF 2-2: SINGLE (Groundball, 6MD, EV 101.3 MPH)
|
Batting: RHB Lourdes Gurriel Jr.
|
0-0: Called Strike 0-1: Swinging Strike 0-2: Fly out, F8 (Flyball, 8LS, EV 86.9 MPH)
|
Batting: LHB Joey Wendle
|
0-0: Grounds out, U3 (Groundball, 3L, EV 92.5 MPH)
|
Batting: LHB Harold Castro
|
0-0: Foul Ball, location: 2F 0-1: Ground out 3-1 (Groundball, 34S, EV 87.5 MPH)
|
Top of the 4th over - 0 runs, 1 hit, 0 errors, 1 left on base; Seattle 0 - Houston 1 |
BOTTOM OF THE 4TH |
Houston Astros batting - Pitching for Seattle Mariners : LHP Marco Gonzales
|
Batting: LHB Alek Thomas
|
0-0: Ball 1-0: Called Strike 1-1: Ground out 4-3 (Groundball, 4S, EV 78.8 MPH)
|
Batting: RHB Tom Murphy
|
0-0: Called Strike 0-1: Called Strike 0-2: Ball 1-2: Foul Ball, location: 2F 1-2: Ball 2-2: Foul Ball, location: 2F 2-2: Foul Ball, location: 5FF 2-2: Fly out, F4 (Line Drive, 4MD, EV 66.3 MPH)
|
Batting: LHB Nick Gordon
|
0-0: Called Strike 0-1: Ball 1-1: Swinging Strike 1-2: Strikes out swinging
|
Bottom of the 4th over - 0 runs, 0 hits, 0 errors, 0 left on base; Seattle 0 - Houston 1 |
TOP OF THE 5TH |
Seattle Mariners batting - Pitching for Houston Astros : RHP Nick Martinez
|
Batting: RHB Pedro Severino
|
0-0: Ball 1-0: Ground out 5-3 (Groundball, 5S, EV 81.9 MPH)
|
Batting: SHB Ketel Marte
|
0-0: Ball 1-0: Called Strike 1-1: Foul Ball, location: 5F 1-2: SINGLE (Groundball, 6MD, EV 100.0 MPH)
|
Batting: RHB Xander Bogaerts
|
0-0: Called Strike 0-1: Ball 1-1: Ball 2-1: Ball 3-1: Base on Balls Ketel Marte to second
|
Batting: LHB Trent Grisham
|
0-0: Fielders Choice at 2nd, 2-4 (Groundball, 15S, EV 71.3 MPH) Ketel Marte to third
|
Batting: RHB José Abreu
|
0-0: Ball 1-0: Swinging Strike 1-1: Foul Ball, location: 3FF 1-2: Ball 2-2: Foul Ball, location: 23F 2-2: Fly out, F9 (Flyball, 9LS, EV 70.6 MPH)
|
Top of the 5th over - 0 runs, 1 hit, 0 errors, 2 left on base; Seattle 0 - Houston 1 |
BOTTOM OF THE 5TH |
Houston Astros batting - Pitching for Seattle Mariners : LHP Marco Gonzales
|
Batting: SHB Robbie Grossman
|
0-0: Ball 1-0: Foul Ball, location: 9LSF 1-1: Foul Ball, location: 23F 1-2: Ball 2-2: DOUBLE (Line Drive, 78D, EV 99.4 MPH)
|
Batting: RHB Elvis Andrus
|
0-0: Called Strike 0-1: Ball 1-1: Ball 2-1: Sac Bunt to 13S - play at first, batter OUT! 1-4 Robbie Grossman to third
|
Batting: LHB Lars Nootbaar
|
0-0: Ball 1-0: Ball 2-0: Fly out, F9 (Flyball, 9D, EV 100.6 MPH) Runner from 3rd tags up, SCORES, no throw by RF
|
Batting: RHB Luis Urias
|
0-0: Swinging Strike 0-1: Ground out 4-3 (Groundball, 4M, EV 81.9 MPH)
|
Bottom of the 5th over - 1 run, 1 hit, 0 errors, 0 left on base; Seattle 0 - Houston 2 |
TOP OF THE 6TH |
Seattle Mariners batting - Pitching for Houston Astros : RHP Nick Martinez
|
Batting: RHB Nick Castellanos
|
0-0: Ball 1-0: Ball 2-0: Called Strike 2-1: Foul Ball, location: 9LMF 2-2: Foul Ball, location: 5F 2-2: Foul Ball, location: 2F 2-2: Ball 3-2: Base on Balls
|
Batting: RHB Lourdes Gurriel Jr.
|
0-0: Foul Ball, location: 2F 0-1: Ball 1-1: Foul Ball, location: 3SF 1-2: Ball 2-2: Foul Ball, location: 2RF 2-2: Ball 3-2: Base on Balls Nick Castellanos to second
|
Pitching: RHP Hunter Harvey
|
|
Batting: LHB Joey Wendle
|
0-0: SINGLE (Line Drive, 78S, EV 102.5 MPH) Nick Castellanos to third Lourdes Gurriel Jr. to second
|
Batting: LHB Harold Castro
|
0-0: Swinging Strike 0-1: Fly out, F7 (Flyball, 7LS, EV 71.9 MPH)
|
Batting: RHB Pedro Severino
|
0-0: Ball 1-0: Called Strike 1-1: Ball 2-1: Foul Ball, location: 25FF 2-2: Foul Ball, location: 9LSF 2-2: Strikes out looking
|
Batting: SHB Ketel Marte
|
0-0: Called Strike 0-1: Fly out, F7 (Line Drive, 7S, EV 87.5 MPH)
|
Top of the 6th over - 0 runs, 1 hit, 0 errors, 3 left on base; Seattle 0 - Houston 2 |
BOTTOM OF THE 6TH |
Houston Astros batting - Pitching for Seattle Mariners : LHP Marco Gonzales
|
Batting: LHB Yordan Alvarez
|
0-0: Foul Ball, location: 7LMF 0-1: Called Strike 0-2: Foul Ball, location: 5FF 0-2: Ball 1-2: SINGLE (Line Drive, 6D, EV 102.5 MPH)
|
Batting: RHB Christian Walker
|
0-0: Called Strike 0-1: Called Strike 0-2: SINGLE (Groundball, 6, EV 101.3 MPH) (infield hit) Yordan Alvarez to second
|
Batting: LHB Alek Thomas
|
0-0: Called Strike 0-1: Ball 1-1: Ball 2-1: Foul Ball, location: 5SF 2-2: SINGLE (Line Drive, 6D, EV 95.6 MPH) Yordan Alvarez to third Christian Walker to second
|
Batting: RHB Tom Murphy
|
0-0: Ball 1-0: Swinging Strike 1-1: Ball 2-1: Ball 3-1: Called Strike 3-2: Foul Ball, location: 9LMFF 3-2: SINGLE (Groundball, 6, EV 79.4 MPH) (infield hit) Yordan Alvarez scores Christian Walker to third Alek Thomas to second
|
Batting: LHB Nick Gordon
|
0-0: Called Strike 0-1: Called Strike 0-2: Ball 1-2: Strikes out swinging
|
Pitching: RHP Reyes Moronta
|
|
Batting: SHB Robbie Grossman
|
0-0: Foul Ball, location: 2F 0-1: Ball 1-1: Foul Ball, location: 3F 1-2: Strikes out swinging
|
Batting: RHB Elvis Andrus
|
0-0: Called Strike 0-1: Ball 1-1: Foul Ball, location: 9LDF 1-2: Strikes out looking
|
Bottom of the 6th over - 1 run, 4 hits, 0 errors, 3 left on base; Seattle 0 - Houston 3 |
TOP OF THE 7TH |
Seattle Mariners batting - Pitching for Houston Astros : RHP Hunter Harvey
|
Batting: RHB Xander Bogaerts
|
0-0: Ball 1-0: Foul Ball, location: 9LMF 1-1: Called Strike 1-2: Fly out, F7 (Flyball, 7, EV 98.8 MPH)
|
Batting: LHB Trent Grisham
|
0-0: Foul Ball, location: 7LMF 0-1: Swinging Strike 0-2: Strikes out looking
|
Batting: RHB José Abreu
|
0-0: Called Strike 0-1: Swinging Strike 0-2: Ball 1-2: Foul Ball, location: 2F 1-2: Strikes out swinging
|
Top of the 7th over - 0 runs, 0 hits, 0 errors, 0 left on base; Seattle 0 - Houston 3 |
BOTTOM OF THE 7TH |
Houston Astros batting - Pitching for Seattle Mariners : RHP Reyes Moronta
|
Batting: LHB Lars Nootbaar
|
0-0: Fly out, F9 (Flyball, 89M, EV 84.4 MPH)
|
Batting: RHB Luis Urias
|
0-0: Ball 1-0: Called Strike 1-1: Ball 2-1: Ball 3-1: Swinging Strike 3-2: Foul Ball, location: 2F 3-2: Base on Balls
|
Batting: LHB Yordan Alvarez
|
0-0: Foul Ball, location: 7LSF 0-1: Ball 1-1: Called Strike 1-2: Strikes out swinging
|
Pitching: LHP Steven Okert
|
|
Batting: RHB Christian Walker
|
0-0: Ball 1-0: Ball 2-0: Ball 3-0: Base on Balls Luis Urias to second
|
Batting: LHB Alek Thomas
|
0-0: Ball 1-0: Ball 2-0: SINGLE (Groundball, 4MD, EV 105.0 MPH) Luis Urias to third Christian Walker to second Runner from 3rd tries for Home, SAFE, throw by CF to home
|
Batting: RHB Tom Murphy
|
0-0: Ball 1-0: Ball 2-0: Ball 3-0: Called Strike 3-1: Foul Ball, location: 9LDF 3-2: Base on Balls Christian Walker to third Alek Thomas to second
|
Batting: LHB Nick Gordon
|
0-0: Called Strike 0-1: Fielders Choice at 2nd, 4-6 (Groundball, 4MD, EV 96.3 MPH)
|
Bottom of the 7th over - 1 run, 1 hit, 0 errors, 3 left on base; Seattle 0 - Houston 4 |
TOP OF THE 8TH |
Seattle Mariners batting - Pitching for Houston Astros : RHP Hunter Harvey
|
Pitching: RHP Penn Murfee
|
|
Batting: RHB Nick Castellanos
|
0-0: Ball 1-0: Swinging Strike 1-1: Ground out 6-3 (Groundball, 6, EV 91.3 MPH)
|
Batting: RHB Lourdes Gurriel Jr.
|
0-0: Ball 1-0: Ground out 1-3 (Groundball, 15S, EV 68.8 MPH)
|
Batting: LHB Joey Wendle
|
0-0: Foul Ball, location: 2F 0-1: Ball 1-1: Swinging Strike 1-2: Strikes out swinging
|
Top of the 8th over - 0 runs, 0 hits, 0 errors, 0 left on base; Seattle 0 - Houston 4 |
BOTTOM OF THE 8TH |
Houston Astros batting - Pitching for Seattle Mariners : LHP Steven Okert
|
Batting: SHB Robbie Grossman
|
0-0: Ball 1-0: Swinging Strike 1-1: Foul Ball, location: 2F 1-2: Ball 2-2: Ball 3-2: Base on Balls
|
Pitching: RHP Brad Boxberger
|
|
Batting: RHB Elvis Andrus
|
0-0: Ball 1-0: Swinging Strike 1-1: Called Strike 1-2: Strikes out swinging
|
Batting: LHB Lars Nootbaar
|
0-0: Ball 1-0: Called Strike 1-1: Ball 2-1: Foul Ball, location: 2F 2-2: Foul Ball, location: 7LMF 2-2: Foul Ball, location: 7LMF 2-2: Foul Ball, location: 23F 2-2: SINGLE (Line Drive, 4MD, EV 96.9 MPH) Robbie Grossman to second Runner from 2nd tries for 3rd, SAFE, throw by CF made to third
|
Batting: RHB Luis Urias
|
0-0: Ball 1-0: Ball 2-0: Ball 3-0: Called Strike 3-1: Fly out, F7 (Flyball, 7LM, EV 88.8 MPH) Runner from 3rd tags up, SCORES, throw by LF
|
Batting: LHB Yordan Alvarez
|
0-0: Ball 1-0: Ball Wild Pitch! Lars Nootbaar to second 2-0: Ball 3-0: Base on Balls
|
Pitching: RHP Merrill Kelly
|
|
Batting: RHB Christian Walker
|
0-0: Foul Ball, location: 9LSF 0-1: Foul Ball, location: 3F 0-2: Foul Ball, location: 9LMF 0-2: Strikes out swinging
|
Bottom of the 8th over - 1 run, 1 hit, 0 errors, 2 left on base; Seattle 0 - Houston 5 |
TOP OF THE 9TH |
Seattle Mariners batting - Pitching for Houston Astros : RHP Penn Murfee
|
Batting: LHB Harold Castro
|
0-0: Ball 1-0: Ball 2-0: Fly out, F7 (Flyball, 7D, EV 103.8 MPH)
|
Batting: RHB Pedro Severino
|
0-0: Ball 1-0: Ball 2-0: Foul Ball, location: 5F 2-1: Foul Ball, location: 25F 2-2: Fly out, F9 (Flyball, 89M, EV 73.8 MPH)
|
Batting: SHB Ketel Marte
|
0-0: Ball 1-0: Ball 2-0: Ball 3-0: Called Strike 3-1: Ground out 1-3 (Groundball, 34S, EV 70.0 MPH)
|
Top of the 9th over - 0 runs, 0 hits, 0 errors, 0 left on base; Seattle 0 - Houston 5 |
|